[Event "Live Chess"]
[Site "Chess.com"]
[Date "2023.05.20"]
[Round "-"]
[White "OSmith06"]
[Black "Reggie016"]
[Result "1-0"]
[WhiteElo "1652"]
[BlackElo "1068"]
[TimeControl "300"]
[EndTime "13:29:21 PDT"]
[Termination "OSmith06 won by checkmate"]

1. e4 e6 2. d4 d5 3. Nd2 Nf6 4. e5 Nfd7 5. Bd3 c5 6. c3 cxd4 7. cxd4 f6 8. exf6 Qxf6 9. Ne2 Bd6 10. Nf3 O-O 11. O-O Nc6 12. Bg5 Qf7 13. Qc2 Qh5 14. Ng3 Bxg3 15. fxg3 Rxf3 16. Rxf3 Qxg5 17. Bxh7+ Kh8 18.
Raf1 Nxd4 19. Rf8+ Nxf8 20. Rxf8# 1-0

[Event "Live Chess"]
[Site "Chess.com"]
[Date "2023.05.20"]
[Round "-"]
[White "omisoc"]
[Black "EdenHazard8"]
[Result "1-0"]
[WhiteElo "2177"]
[BlackElo "2085"]
[TimeControl "300"]
[EndTime "13:29:36 PDT"]
[Termination "omisoc won by resignation"]

1. Nf3 d5 2. g3 c5 3. Bg2 Nc6 4.
O-O e5 5. d3 Nf6 6. Nbd2 h6 7.
e4 d4 8. Nc4 Qc7 9. a4 Be6 10.
Nh4 g6 11. f4 Be7 12. Nxe5 Nxe5 13. fxe5 Qxe5 14. Bf4 Qh5 15. Bf3 Bg4 16. Bxg4 Nxg4 17.
h3 Nf6 18. e5 Qxd1 19. Raxd1 Nd5 20. e6 g5 21. exf7+ Kf8 22. Ng6+ Kg7 23. Nxh8 Kxh8 24. Bd2 Rf8 25. Rf5 Nf6 26. Rdf1 Rxf7 27. h4 gxh4 28. gxh4 Rg7+ 29. Kh1 Ng4 30. Rf7 Bxh4 31. R1f4 Rxf7 32. Rxf7 Ne3 33. Rxb7 Nxc2 34. Rxa7 Bg5 35. Bxg5 hxg5 36. a5 Nb4 37. Rb7 Nxd3 38. a6 Nb4 39. a7 1-0

[Event "Live Chess"]
[Site "Chess.com"]
[Date "2023.05.20"]
[Round "-"]
[White "therealab0ne"]
[Black "wot-not"]
[Result "0-1"]
[WhiteElo "704"]
[BlackElo "1501"]
[TimeControl "300"]
[EndTime "13:29:42 PDT"]
[Termination "wot-not won on time"]

1. e4 e5 2. Bc4 d6 3. Nc3 Be6 4.
Bxe6 fxe6 5. d3 Nc6 6. Nf3 Be7 7.
O-O h6 8. Re1 g5 9. Be3 Qd7 10. a4 Nf6 11. d4 exd4 12. Nxd4 Nxd4 13. Bxd4 e5 14. Nd5 Nxd5 15. exd5 exd4 16. Qxd4 b6 17.
Qxh8+ Kf7 18. Qxa8 Bf6 19. Qc6 Qg4 20. Qe8+ Kg7 21.
h3 Qf4 22. Re2 Be5 23. Qe7+ Kg6 24. g3 Qc4 25. g4 Qxe2 26. Qxc7 Qf3 27. Qxa7 Qxh3 0-1

[Event "Live Chess"]
[Site "Chess.com"]
[Date "2023.05.20"]
[Round "-"]
[White "matt1979"]
[Black "Vitalii18a"]
[Result "1-0"]
[WhiteElo "1475"]
[BlackElo "1106"]
[TimeControl "300"]
[EndTime "13:29:58 PDT"]
[Termination "matt1979 won by checkmate"]

1. f4 f5 2. e4 e6 3. d3 fxe4 4. dxe4 Be7 5. Nf3 d6 6. Nc3 e5 7. f5 Nf6 8. Bg5 h6 9. Bxf6 Bxf6 10. Nd2 Nd7 11. Qh5+ Ke7 12. Nd5+ Kf8 13. Bc4 c6 14.
Ne3 d5 15. exd5 Nb6 16. Bb3 cxd5 17. O-O Qe7 18. Nxd5 Nxd5 19. Bxd5 Rb8 20. Kh1 Bd7 21. Rad1 Be8 22. Qg4 Bf7 23. Bxf7 Qxf7 24. Ne4 Ke7 25. Nc5 Qxa2 26. Rd7+ Ke8 27. Qg6+ Kf8 28. Ne6+ Kg8 29.
Rfd1 h5 30. Rd8+ Rxd8 31. Nxd8 Rh6 32. Qe8+ Kh7 33. Ne6 h4 34. Nf8+ Kg8 35. Ng6+ Kh7 36. Qh8# 1-0

[Event "Live Chess"]
[Site "Chess.com"]
[Date "2023.05.20"]
[Round "-"]
[White "Geomorph"]
[Black "SavagePawn7"]
[Result "1-0"]
[WhiteElo "1245"]
[BlackElo "795"]
[TimeControl "300"]
[EndTime "13:30:01 PDT"]
[Termination "Geomorph won by resignation"]

1. e4 d5 2. exd5 Nf6 3. Nc3 Nxd5 4. Bb5+ Bd7 5. Nxd5 Bxb5 6. Qf3 Bc6 7. c4 b5 8. b3 e6 9. Qe3 Be7 10. Nxe7 Qxe7 11.
Ne2 Qf6 12. Ba3 Qxa1+ 13. Nc1 Qf6 14. O-O Qg6 15. g3 Qh6 16. Qc5 Kd8 17. cxb5 Bf3 18.
Qe7+ Kc8 19. Qxf7 Qh3 20. Qxf3 a6 21. Qxa8 Rd8 22. bxa6 Rxd2 23. Qb7+ Kd7 24. Qxb8 1-0

[Event "Live Chess"]
[Site "Chess.com"]
[Date "2023.05.20"]
[Round "-"]
[White "manthanit"]
[Black "LozzaLoaf"]
[Result "1-0"]
[WhiteElo "1008"]
[BlackElo "248"]
[TimeControl "300"]
[EndTime "13:30:01 PDT"]
[Termination "manthanit won by checkmate"]

1. e4 e5 2. Nf3 f6 3. Bc4 c6 4. d4 d5 5. exd5 cxd5 6. Bb3 e4 7. Nh4 g5 8. Qh5+ Ke7 9. Ng6+ Kf7 10. Nxh8+ Kg7 11. Nf7 Nh6 12. Nxh6 Qa5+ 13. c3 Qb5 14. Nd2 Qd3 15. Bxd5 e3 16. fxe3 Qxe3+ 17. Qe2 Qxe2+ 18. Kxe2 Kxh6 19. Ne4 Bg4+ 20. Kd3 Nd7 21. h3 f5 22. Nf2 f4 23. hxg4+ Kg6 24. Be4+ Kf6 25. Rxh7 Rd8 26. Bd2 Nc5+ 27. Kc2 Nxe4 28. Nxe4+ Kg6 29. Rh5 a6 30. Rxg5+ Kh6 31. Bxf4 b5 32. Rd5+ Kg6 33. Rxd8 Be7 34. Rd7 Bd6 35. Rxd6+ Kf7 36. Rxa6 Ke7 37. Rh1 Kd7 38.
Rh5 b4 39. cxb4 Ke7 40. b5 Kf7 41. b6 Kg6 42. b7+ Kf7 43. b8=Q Ke7 44. Qb7+ Kd8 45.
Rh8# 1-0

[Event "Live Chess"]
[Site "Chess.com"]
[Date "2023.05.20"]
[Round "-"]
[White "Richardallis"]
[Black "Bob2pen"]
[Result "1-0"]
[WhiteElo "1875"]
[BlackElo "1821"]
[TimeControl "300"]
[EndTime "13:30:05 PDT"]
[Termination "Richardallis won by resignation"]

1. d4 Nf6 2. Nf3 g6 3. Bg5 Bg7 4. Nbd2 O-O 5. e4 d6 6. c3 c5 7. dxc5 dxc5 8. Bc4 Nc6 9. Qe2 a6 10. a4 Rb8 11. O-O Qc7 12. h3 h6 13. Bh4 Re8 14. e5 Nh7 15. e6 f5 16. Bg3 f4 17.
Bh2 Nf8 18. Qe4 Ne5 19. Bxf4 b5 20. axb5 axb5 21. Nxe5 bxc4 22. Nd7 Bb7 23. Bxc7 Bxe4 24. Bxb8 Nxd7 25. exd7 Rxb8 26. Nxe4 1-0

[Event "Live Chess"]
[Site "Chess.com"]
[Date "2023.05.20"]
[Round "-"]
[White "diana21strabt"]
[Black "tuppyglossop"]
[Result "0-1"]
[WhiteElo "1672"]
[BlackElo "1619"]
[TimeControl "300"]
[EndTime "13:30:56 PDT"]
[Termination "tuppyglossop won by checkmate"]

1. e4 c5 2. Nf3 d6 3. d4 cxd4 4. Nxd4 Nf6 5. Nc3 a6 6. Bg5 e6 7. f4 Be7 8. Qf3 Qc7 9. O-O-O O-O 10. g4 Nc6 11. Bxf6 Bxf6 12. Nxc6 Qxc6 13. Rd3 b5 14. g5 Bxc3 15. Rxc3 Qb6 16. h4 Bb7 17. Bd3 Rac8 18. Rxc8 Rxc8 19. h5 d5 20. g6 fxg6 21. hxg6 hxg6 22.
Qh3 Kf7 23. exd5 Bxd5 24. Rg1 Qxg1+ 25. Kd2 Bc4 26. Be4 Qf2+ 27. Kc1 Qe1# 0-1

[Event "Live Chess"]
[Site "Chess.com"]
[Date "2023.05.20"]
[Round "-"]
[White "Wild_Tiger"]
[Black "LL220284LL"]
[Result "0-1"]
[WhiteElo "1070"]
[BlackElo "2397"]
[TimeControl "300"]
[EndTime "13:30:57 PDT"]
[Termination "LL220284LL won by checkmate"]

1. d4 g6 2. Nf3 Bg7 3. e3 Nf6 4.
Bd3 d6 5. O-O Nbd7 6. b3 e5 7.
dxe5 dxe5 8. Bb2 O-O 9. Bc4 e4 10. Nd4 Ne5 11. Nd2 Bg4 12. N4f3 exf3 13. Nxf3 Nxf3+ 14. gxf3 Bh3 15. Qxd8 Raxd8 16. Rfd1 Bc8 17. Bd4 b6 18.
Kg2 c5 19. Be5 Bb7 20. Bc7 Rc8 21. Bd6 Rfd8 22. Be7 Re8 23. Bd6 Bf8 24. Bf4 Nh5 25. Bd6 Rcd8 26. Bc7 Rxd1 27. Rxd1 Bc6 28. Rd8 Rxd8 29.
Bxd8 Ng7 30. Bc7 Nf5 31. Bb8 Nh4+ 32. Kg3 Nxf3 33. Bxa7 Bd6+ 34. Kg2 Nxh2+ 35. Kg1 Nf3+ 36. Kg2 b5 37. Be2 Nd4+ 38. Bf3 Nxf3 39. Kf1 h5 40. a3 h4 41. Kg2 Ng5+ 42. Kg1 h3 43. Kf1 h2 44. Ke2 h1=Q 45. c3 Bf3+ 46. Kd2 Qd1# 0-1

[Event "Live Chess"]
[Site "Chess.com"]
[Date "2023.05.20"]
[Round "-"]
[White "KGreenGator"]
[Black "LozzaLoaf"]
[Result "1-0"]
[WhiteElo "1790"]
[BlackElo "248"]
[TimeControl "300"]
[EndTime "13:31:14 PDT"]
[Termination "KGreenGator won by checkmate"]

1. c4 Nc6 2. Nc3 Nb4 3. a3 Na6 4. d4 c6 5. e3 d5 6. c5 b6 7.
b4 bxc5 8. bxc5 f6 9. Qa4 e5 10. Qxc6+ Bd7 11. Qxd5 e4 12. Bc4 Nxc5 13. Qf7# 1-0

[Event "Live Chess"]
[Site "Chess.com"]
[Date "2023.05.20"]
[Round "-"]
[White "EdvancedChess"]
[Black "Doge_Dandolo"]
[Result "1-0"]
[WhiteElo "1902"]
[BlackElo "2008"]
[TimeControl "300"]
[EndTime "13:31:17 PDT"]
[Termination "EdvancedChess won by resignation"]

1. e4 c6 2. Nf3 d5 3. exd5 cxd5 4. d4 Nc6 5. Bd3 Bg4 6. c3 Qc7 7. O-O e6 8. Bg5 Bd6 9. h3 Bxf3 10. Qxf3 h6 11. Be3 Nf6 12. Nd2 O-O 13. Bxh6 Ne7 14. Rae1 Rab8 15. Bg5 b5 16. Bxf6 gxf6 17. Qxf6 Ng6 18.
Bxg6 fxg6 19. Qxg6+ Qg7 20. Qxe6+ 1-0

[Event "Live Chess"]
[Site "Chess.com"]
[Date "2023.05.20"]
[Round "-"]
[White "yarek"]
[Black "OceanFloater"]
[Result "1/2-1/2"]
[WhiteElo "1896"]
[BlackElo "1005"]
[TimeControl "300"]
[EndTime "13:31:29 PDT"]
[Termination "Game drawn by repetition"]

1. e4 c5 2. d4 e6 3. c3 Nc6 4. Nf3 d5 5. e5 cxd4 6. cxd4 Qa5+ 7. Bd2 Qb6 8. Bc3 Bb4 9. a3 Bxc3+ 10. bxc3 Nge7 11. Bd3 Ng6 12. O-O Nf4 13. Bc2 O-O 14. Qd2 Ng6 15. Qd3 Nce7 16. h4 Bd7 17. h5 Bb5 18. Qe3 Bxf1 19. hxg6 fxg6 20. Kxf1 Qb5+ 21. Bd3 Qb2 22. Ng5 Qxa1 23. Qh3 h6 24. Qxe6+ Kh8 25. Nf7+ Kh7 26. Qxe7 Qb2 27. Qe6 Qc1+ 28. Ke2 Qb2+ 29.
Nd2 Qxc3 30. Bxg6+ Kg8 31. Nxh6+ Kh8 32. Nf7+ Kg8 33.
Nh6+ Kh8 34. Nf7+ Kg8 35. Nh6+ 1/2-1/2

[Event "Live Chess"]
[Site "Chess.com"]
[Date "2023.05.20"]
[Round "-"]
[White "tehanu"]
[Black "Pandreq"]
[Result "0-1"]
[WhiteElo "1124"]
[BlackElo "1276"]
[TimeControl "300"]
[EndTime "13:31:34 PDT"]
[Termination "Pandreq won by checkmate"]

1. f4 e6 2. Nf3 d5 3. g3 b6 4. Bg2 Bb7 5. e3 Nc6 6. O-O Bc5 7. d4 Bd6 8. Ne5 Nxe5 9. dxe5 Bc5 10. Qg4 g6 11. c4 Ne7 12. Rd1 c6 13. Nc3 d4 14.
exd4 Bxd4+ 15. Kh1 Nf5 16. Ne4 c5 17. Nf6+ Kf8 18. Bxb7 Rb8 19. Be4 b5 20. Bxf5 exf5 21.
Qh4 Qc8 22. cxb5 Rxb5 23. a4 Qc6+ 24. Nd5 Qxd5# 0-1

[Event "Live Chess"]
[Site "Chess.com"]
[Date "2023.05.20"]
[Round "-"]
[White "Lewstar1"]
[Black "Jeffaroow"]
[Result "0-1"]
[WhiteElo "443"]
[BlackElo "468"]
[TimeControl "300"]
[EndTime "13:31:36 PDT"]
[Termination "Jeffaroow won on time"]

1. e4 e5 2. Nc3 Nf6 3. f4 exf4 4. e5 Qe7 5. Qe2 Nh5 6. Qxh5 g6 7. Qe2 b5 8. a3 f6 9. d4 fxe5 10. dxe5 Nc6 11.
Nf3 d6 12. exd6 cxd6 13. Bxf4 Qxe2+ 14. Bxe2 Bf5 15. Nd5 O-O-O 16. c3 Be4 17. Bxb5 Bxd5 18. O-O Bxf3 19. Rxf3 Ne5 20. Bxe5 dxe5 21. Ba6+ Kb8 22.
Rf7 Re8 23. Rb7+ Kc8 24. Rxh7+ Kd8 25. Rxh8 Bc5+ 26. Kf1 Rxh8 27. h3 Rf8+ 28. Ke2 Rf2+ 29. Kd3 Rxb2 30. Rd1 Bxa3 31. c4 Ke7 32. Ke4 Kf6 33.
Rf1+ Ke6 34. Bc8+ Kd6 35. Rf6+ Ke7 36. Kxe5 Re2+ 37. Kd5 Kxf6 38. g4 Re5+ 39. Kd4 g5 40. Ba6 Bb2+ 41. Kd3 Re1 42. Kd2 Rh1 43. Bc8 Rxh3 44.
Kc2 Rh2+ 45. Kb3 Rh3+ 0-1

[Event "Live Chess"]
[Site "Chess.com"]
[Date "2023.05.20"]
[Round "-"]
[White "luckywookie"]
[Black "Stanbad1"]
[Result "0-1"]
[WhiteElo "744"]
[BlackElo "2422"]
[TimeControl "300"]
[EndTime "13:31:38 PDT"]
[Termination "Stanbad1 won by checkmate"]

1. e4 e6 2. Nf3 c5 3. c3 Nc6 4. d4 cxd4 5. cxd4 d5 6. e5 f6 7. Bb5 Bd7 8. O-O fxe5 9. Bxc6 bxc6 10. Nxe5 Nf6 11. Bg5 Bd6 12. Bxf6 Qxf6 13. Nxd7 Kxd7 14. Nc3 Rhf8 15. f3 Qf4 16. g3 Qe3+ 17. Kg2 Rab8 18. b3 Qxc3 19. Rc1 Qa5 20. Rc2 Rb4 21. Qd2 Qb6 22. Rd1 a5 23. Qe3 a4 24. Rc3 axb3 25. Rxb3 Rxb3 26. axb3 e5 27. Qg5 Re8 28. Qxg7+ Re7 29.
Qg4+ Kc7 30. dxe5 Bxe5 31. Re1 Qxb3 32. f4 Qb2+ 33. Kf1 Bd6 34. Rxe7+ Bxe7 35. Qg7 Qxg7 36. g4 Qxg4 37. Kf2 Qxf4+ 38. Kg2 Bd6 39. Kh1 Qxh2# 0-1

[Event "Live Chess"]
[Site "Chess.com"]
[Date "2023.05.20"]
[Round "-"]
[White "mightysmasher"]
[Black "Shepherds_Pie"]
[Result "0-1"]
[WhiteElo "2098"]
[BlackElo "1919"]
[TimeControl "300"]
[EndTime "13:31:40 PDT"]
[Termination "Shepherds_Pie won by resignation"]

1. e4 e6 2. d4 d5 3. exd5 exd5 4. Nf3 Nc6 5. Bd3 Bd6 6. O-O Nge7 7. c3 Bg4 8. Bg5 f6 9. Bh4 Qd7 10. Nbd2 O-O 11.
Qc2 Bf5 12. Bg3 Bxd3 13. Qxd3 Bxg3 14. hxg3 Qf5 15. Qxf5 Nxf5 16. Nb3 b6 17. Rfe1 Rfe8 18. Rad1 Kf7 19. Nbd2 Rxe1+ 20. Rxe1 Re8 21. Rd1 a5 22. Kf1 g5 23. Re1 Rxe1+ 24. Nxe1 Nd6 25. Ke2 f5 26.
Kd3 Ne7 27. Nef3 Kf6 28. Ne5 Ng6 29. Ndf3 g4 30. Nxg6 hxg6 31. Ne5 g5 32. f3 gxf3 33. gxf3 c5 34. Nd7+ Ke7 35. dxc5 Kxd7 36. cxd6 Kxd6 37. Kd4 b5 38. a3 a4 39. Ke3 Kc5 40. Kd3 f4 41. g4 Kc6 42. Kd4 Kd6 43. Kd3 Kc5 44. Kd2 Kc4 45. Kc2 d4 46. cxd4 Kxd4 47. Kd2 Kc4 48.
Kc2 b4 49. Kd2 bxa3 50. bxa3 Kb3 51. Kd3 Kxa3 52. Kc3 Ka2 53. Kc2 a3 54. Kc1 Kb3 55. Kb1 Kc3 56. Ka2 Kd3 57. Kxa3 Ke3 58. Kb3 Kxf3 59.
Kc3 Kg2 60. Kd3 f3 61. Ke4 f2 62. Kf5 f1=Q+ 63. Kxg5 Kh3 64. Kh5 Qf7+ 65. Kg5 Qg7+ 66. Kf5 Qxg4+ 0-1

[Event "Live Chess"]
[Site "Chess.com"]
[Date "2023.05.20"]
[Round "-"]
[White "YrrriKharkiv"]
[Black "WelshTiger"]
[Result "1/2-1/2"]
[WhiteElo "2051"]
[BlackElo "2394"]
[TimeControl "300"]
[EndTime "13:31:43 PDT"]
[Termination "Game drawn by repetition"]

1. d4 d5 2. c4 e6 3. Nc3 c5 4. cxd5 exd5 5. Nf3 Nc6 6. g3 Nf6 7. Bg2 Be7 8. O-O O-O 9. Bg5 Be6 10. Bxf6 Bxf6 11.
dxc5 Bxc3 12. bxc3 Qa5 13. Nd4 Qxc5 14. Nxe6 fxe6 15.
Rc1 Ne5 16. Qd4 Qc7 17. Bh3 Rae8 18. Rfd1 b6 19. Bg2 Nc6 20. Qa4 Na5 21. e4 dxe4 22.
Qxe4 Qc5 23. Qd4 Qh5 24. Re1 Rf6 25. Qd7 Qf7 26. Qxf7+ Kxf7 27. c4 Rc8 28. Bf1 Nb7 29. Rc3 Nc5 30. Ra3 a5 31. Rb1 e5 32. Re3 e4 33. Bg2 Re8 34. Rbe1 Rfe6 35. Bh3 Re5 36. f4 R5e7 37. Bg2 Kf6 38. Rb1 Re6 39. Bh3 Rd6 40. Bg2 Rd4 41. Rxb6+ Kf7 42. Rc6 Rd1+ 43. Bf1 Nd3 44. Rc7+ Kf6 45. Rc6+ Kf7 46. Rc7+ Kf6 47. Rd7 Rc8 48. Rd4 Nc5 49. Rd5 h6 50. Kf2 a4 51. Be2 Ra1 52. Rd2 g5 53. fxg5+ hxg5 54. Ra3 Ke5 55. Rd5+ Kf6 56. Rd6+ Ke5 57. Rd5+ Kf6 58.
Rd6+ Ke7 59. Rd5 Kf6 1/2-1/2

[Event "Live Chess"]
[Site "Chess.com"]
[Date "2023.05.20"]
[Round "-"]
[White "Brooms1989"]
[Black "toog"]
[Result "0-1"]
[WhiteElo "1018"]
[BlackElo "2616"]
[TimeControl "300"]
[EndTime "13:31:43 PDT"]
[Termination "toog won by checkmate"]

1. e4 e5 2. Nc3 d6 3. Nf3 Nf6 4. Bc4 Be7 5. O-O O-O 6. h3 Be6 7. Bb3 c6 8. d3 Nbd7 9. Ne2 Bxb3 10. axb3 Re8 11. Ng3 Bf8 12. Bg5 g6 13. h4 h6 14.
Be3 h5 15. Rxa7 Rxa7 16. Bxa7 b6 17. Bxb6 Qxb6 18. Ng5 Ng4 19. Qd2 Bh6 20. Nf3 Bxd2 21. Nxd2 Ndf6 22. c4 Nxf2 23. Rxf2 Ng4 24. Nh1 Ra8 25.
Nf1 Ra1 26. b4 Qd4 27. b3 Ra2 28. b5 Rxf2 29. Nxf2 Qxf2+ 30. Kh1 Qxf1# 0-1

[Event "Live Chess"]
[Site "Chess.com"]
[Date "2023.05.20"]
[Round "-"]
[White "reshmiramachandran"]
[Black "friarnator"]
[Result "0-1"]
[WhiteElo "507"]
[BlackElo "1979"]
[TimeControl "300"]
[EndTime "13:31:48 PDT"]
[Termination "friarnator won by checkmate"]

1. d4 Nf6 2. Nc3 g6 3. e3 Bg7 4. Nb5 O-O 5. Nf3 a6 6. Nc3 d6 7. Bc4 b5 8. Bd3 Bb7 9. e4 Nbd7 10. Bg5 c5 11. d5 c4 12. Bxf6 Bxf6 13. Bf1 b4 14.
Na4 Rc8 15. Bxc4 Rxc4 16. O-O Rxe4 17. a3 bxa3 18. bxa3 Rxa4 19. c3 Rc4 20. Rc1 Qc7 21.
Nd2 Rxc3 22. a4 Rxc1 23. Qxc1 Qxc1 24. Rxc1 Bxd5 25. Rc7 Nc5 26. a5 Rb8 27. g3 Rb2 28.
Nf1 Rb1 29. Rc8+ Kg7 30. Ra8 Bc4 31. Rd8 Bxf1 32. Rd7 Bh3# 0-1

[Event "Live Chess"]
[Site "Chess.com"]
[Date "2023.05.20"]
[Round "-"]
[White "bristolunichess"]
[Black "MarkLim1"]
[Result "1-0"]
[WhiteElo "1824"]
[BlackElo "1641"]
[TimeControl "300"]
[EndTime "13:31:51 PDT"]
[Termination "bristolunichess won by checkmate"]

1. e4 e6 2. d4 d5 3. e5 c5 4. Nf3 Nc6 5. c3 Nge7 6. Bd3 cxd4 7. O-O dxc3 8. Nxc3 Ng6 9. Re1 Be7 10. g3 Qc7 11.
Qe2 Bd7 12. h4 O-O-O 13. Bd2 Nb4 14. Bb1 f6 15. h5 Nxe5 16. Nxe5 fxe5 17. Qxe5 Bd6 18.
Qd4 Bxg3 19. fxg3 Qxg3+ 20. Kh1 Nc6 21. Qg1 Qh3+ 22. Qh2 Qf3+ 23. Qg2 Qxh5+ 24. Kg1 Nd4 25. Rf1 Rhf8 26. Bd3 Nf3+ 27. Rxf3 Rxf3 28. Be2 Rdf8 29.
Bxf3 Rxf3 30. Rf1 Rxf1+ 31. Kxf1 Qf5+ 32. Ke2 g6 33. Qf3 Bc6 34. Qxf5 exf5 35. Kd3 Kd7 36. Kd4 Ke6 37. Bg5 a6 38. Ne2 Bb5 39. Nf4+ Kd6 40.
Nxd5 Bc6 41. Nf4 Bf3 42. b4 Bc6 43. a3 Ba4 44. Nd3 Bc6 45. Bf4+ Ke6 46. Nc5+ Kf6 47. Nd3 g5 48. Be5+ Kg6 49. Bh2 h5 50. Ke5 f4 51.
Nc5 f3 52. Bg1 h4 53. Ne6 Kh5 54. Kf5 h3 55. Ng7+ Kh4 56. Bf2# 1-0

[Event "Live Chess"]
[Site "Chess.com"]
[Date "2023.05.20"]
[Round "-"]
[White "BostonStrangler"]
[Black "GEMdzq"]
[Result "1-0"]
[WhiteElo "2064"]
[BlackElo "2228"]
[TimeControl "300"]
[EndTime "13:32:07 PDT"]
[Termination "BostonStrangler won by checkmate"]

1. Nf3 c5 2. e4 Nf6 3. Nc3 d6 4.
d4 cxd4 5. Qxd4 Nc6 6. Bb5 Bd7 7. Bxc6 Bxc6 8. Bg5 g6 9. Bxf6 exf6 10. O-O-O Bg7 11. Qxd6 Qxd6 12. Rxd6 O-O 13. Nd4 Rfd8 14. Rxd8+ Rxd8 15. Nxc6 bxc6 16. Rd1 Bh6+ 17. Kb1 Rb8 18. g3 Bf8 19. b3 Bc5 20. f4 Kf8 21. Na4 Be3 22. Rd3 Bg1 23. h3 Ke7 24. Kb2 Rb4 25. c4 Rb8 26. Kc3 a5 27. a3 c5 28. Rd5 Bd4+ 29.
Kc2 Rc8 30. Nb6 Rc6 31. Rd7+ Ke6 32. Rb7 Bf2 33. g4 f5 34. e5 Be3 35. Nd5 Bxf4 36. Nxf4+ Kxe5 37. Nd3+ Kd4 38. Rxf7 fxg4 39. hxg4 h5 40.
gxh5 gxh5 41. Rh7 Rg6 42. Rd7+ Ke3 43. Re7+ Kd4 44. Nf4 Rg4 45. Ne2# 1-0

[Event "Live Chess"]
[Site "Chess.com"]
[Date "2023.05.20"]
[Round "-"]
[White "JohanKjeldahl"]
[Black "Leonid_Starozhilov"]
[Result "0-1"]
[WhiteElo "1844"]
[BlackElo "2642"]
[TimeControl "300"]
[EndTime "13:32:09 PDT"]
[Termination "Leonid_Starozhilov won by resignation"]

1. c4 Nf6 2. Nc3 g6 3. d4 Bg7 4. Nf3 O-O 5. g3 d6 6. Bg2 c6 7. O-O Bf5 8. b3 Ne4 9. Bb2 Nxc3 10. Bxc3 Be4 11. Qd2 Nd7 12. Rad1 e6 13. Ne1 Bxg2 14. Nxg2 d5 15. e3 Nf6 16. f3 Rc8 17. Nf4 Re8 18. Nd3 b6 19. Ne5 c5 20. dxc5 bxc5 21. Ba5 Qd6 22.
f4 Ne4 23. Qc2 Bxe5 24. fxe5 Qxe5 25. cxd5 exd5 26. Qd3 d4 27. exd4 cxd4 28. Qxd4 Qxa5 29. Rde1 Qb6 0-1

[Event "Live Chess"]
[Site "Chess.com"]
[Date "2023.05.20"]
[Round "-"]
[White "HoarseyHorsey"]
[Black "gmnorfolk"]
[Result "0-1"]
[WhiteElo "1404"]
[BlackElo "2083"]
[TimeControl "300"]
[EndTime "13:32:17 PDT"]
[Termination "gmnorfolk won by resignation"]

1. d4 Nf6 2. c4 e6 3. Nc3 Bb4 4. e3 O-O 5. Bd2 d5 6. Nf3 b6 7. a3 Be7 8. cxd5 Nxd5 9. Nxd5 Qxd5 10. Qc2 c5 11. Bc4 Qd8 12. O-O cxd4 13. Nxd4 Bb7 14.
Bd3 h6 15. Be4 Bd5 16. Bxd5 Qxd5 17. Rfd1 Na6 18. Bc3 Nc5 19. Nf3 Qb3 20. Qxb3 Nxb3 21. Rd7 Nxa1 22. Rxe7 Nb3 23. Ne5 a5 24. h4 Nc5 25. f3 Rfe8 26. Rxf7 Na4 27. Bd4 Rad8 28. Nd7 Rxd7 29. Rxd7 e5 30. Bc3 Nxc3 31. bxc3 Rc8 32. Rd3 Rc4 33. e4 Ra4 34. Kf2 Rxa3 35. Ke2 Ra2+ 36. Kf1 a4 37. c4 Rc2 38. Ra3 Rxc4 39.
Ke2 b5 40. Kd3 Rb4 41. Kc2 Rc4+ 42. Kd3 Rc8 43. Ra2 Kf7 44. Rb2 Rb8 45. Kc3 a3 46. Ra2 b4+ 47. Kb3 Ke6 48. Rd2 g5 49. h5 Rb6 50. g3 Kf6 51. Rd5 Ra6 52. Kxb4 a2 0-1

[Event "Live Chess"]
[Site "Chess.com"]
[Date "2023.05.20"]
[Round "-"]
[White "Inglaterra"]
[Black "JanMur7"]
[Result "0-1"]
[WhiteElo "2051"]
[BlackElo "1981"]
[TimeControl "300"]
[EndTime "13:32:19 PDT"]
[Termination "JanMur7 won on time"]

1. Nf3 g6 2. g3 Bg7 3. Bg2 c5 4. O-O Nc6 5. c4 e6 6. Nc3 Nge7 7. e3 O-O 8. d4 cxd4 9. exd4 d5 10. c5 b6 11.
cxb6 Qxb6 12. Na4 Qa5 13. Bd2 Qc7 14. Rc1 Ba6 15. Re1 Qd8 16. Nc5 Bc4 17. b3 Bb5 18.
Bf4 a5 19. Ne5 Nxe5 20. Bxe5 Nf5 21. Bxg7 Kxg7 22. Bh3 Qf6 23. Re5 Nd6 24. a4 Be8 25.
Qe2 h5 26. Bxe6 fxe6 27. Nxe6+ Kg8 28. Nxf8 Qxf8 29. Rxd5 Bf7 30. Re5 Bxb3 31. Rc7 Rc8 32. Rxc8 Qxc8 33. d5 Qc1+ 34. Kg2 Bc4 35. Qe3 Bf1+ 36.
Kf3 Qc4 37. h3 Bxh3 38. Qg5 Qd3+ 39. Re3 Qd1+ 40. Kf4 Qd4+ 41. Kf3 Bg4+ 42. Kg2 Qg7 43. Re6 Nf7 44. Rxg6 Kh7 45. Rxg7+ Kh8 46. Qg6 Bf3+ 47. Kxf3 Ne5+ 0-1

[Event "Live Chess"]
[Site "Chess.com"]
[Date "2023.05.20"]
[Round "-"]
[White "SupremeTactician"]
[Black "BillythekidFellowes"]
[Result "1-0"]
[WhiteElo "2369"]
[BlackElo "2037"]
[TimeControl "300"]
[EndTime "13:32:20 PDT"]
[Termination "SupremeTactician won by checkmate"]

1. e4 Nc6 2. d4 d5 3. e5 Bf5 4. c3 e6 5. Ne2 f6 6. Ng3 Bg6 7. Bd3 Bxd3 8. Qxd3 Be7 9. f4 Nh6 10. O-O O-O 11. Nd2 Qd7 12. Nf3 Nd8 13. Bd2 c5 14. Rae1 cxd4 15. cxd4 Nc6 16. exf6 Bxf6 17. Ne5 Bxe5 18.
fxe5 Nf7 19. Nh5 Nh8 20. Qg3 Ng6 21. Be3 Nce7 22. Bf2 Nf5 23. Qd3 Rac8 24. Rc1 Nh6 25. h3 Nf5 26. g4 Nfh4 27. Bxh4 Nxh4 28. Rxc8 Qxc8 29. Rxf8+ Qxf8 30. Qe3 Ng6 31. Kg2 Qb4 32. Qc3 Qf8 33. Kg3 Ne7 34. Nf4 Qf7 35. Qc5 Ng6 36.
Qc8+ Nf8 37. h4 h6 38. h5 Kh7 39. Qb8 a6 40. Qd8 g5 41. hxg6+ Nxg6 42. Nxg6 Kxg6 43. Qc8 Kg7 44. b4 Qe7 45. a3 Qf7 46. Qd8 Kh7 47.
a4 h5 48. gxh5 Qxh5 49. Qe7+ Kh8 50. Qxe6 Qg5+ 51. Kf3 Qh5+ 52. Qg4 Qh1+ 53. Kf4 Qf1+ 54. Kg5 Qc1+ 55. Kf6 Qc6+ 56. e6 Qe8 57. Qg7# 1-0

[Event "Live Chess"]
[Site "Chess.com"]
[Date "2023.05.20"]
[Round "-"]
[White "ProfPoisson"]
[Black "Supertromp"]
[Result "1-0"]
[WhiteElo "1120"]
[BlackElo "2185"]
[TimeControl "300"]
[EndTime "13:32:26 PDT"]
[Termination "ProfPoisson won by checkmate"]

1. e4 c5 2. Nf3 d6 3. Bb5+ Bd7 4.
Bxd7+ Qxd7 5. c4 Nc6 6. Nc3 g6 7. O-O Bg7 8. Nd5 Nf6 9. Nxf6+ Bxf6 10. Rb1 O-O 11. b3 e5 12. Bb2 h5 13. Re1 Nd8 14.
d4 exd4 15. e5 dxe5 16. Nxe5 Bxe5 17. Rxe5 Nc6 18. Rxc5 Rad8 19. Rd5 Qe6 20. Rxd8 Rxd8 21. Qd2 d3 22. Re1 Qg4 23. Qh6 Nd4 24. h3 Qf5 25. Bxd4 Rxd4 26. Re8# 1-0

[Event "Live Chess"]
[Site "Chess.com"]
[Date "2023.05.20"]
[Round "-"]
[White "chessfiction"]
[Black "ViktorTheCoolBoy"]
[Result "0-1"]
[WhiteElo "2419"]
[BlackElo "2503"]
[TimeControl "300"]
[EndTime "13:32:29 PDT"]
[Termination "ViktorTheCoolBoy won by resignation"]

1. e4 d6 2. d4 Nf6 3. Nc3 Nbd7 4. f4 e5 5. Nf3 exd4 6. Nxd4 Be7 7. Bd3 O-O 8. O-O Re8 9. Kh1 Bf8 10. Be3 Nc5 11. Qf3 Bg4 12. Qg3 Bd7 13. Rae1 Ncxe4 14. Nxe4 Nxe4 15. Qf3 d5 16. c4 c6 17. f5 Bd6 18. f6 Nxf6 19. Bg5 Be5 20. Nf5 dxc4 21. Bxc4 Be6 22. Bd3 Bd5 23. Qh3 h6 24. Bxh6 gxh6 25. Qxh6 Ng4 26. Ne7+ Qxe7 27. Qh7+ Kf8 28. Rxe5 Qxe5 0-1

[Event "Live Chess"]
[Site "Chess.com"]
[Date "2023.05.20"]
[Round "-"]
[White "Long1968"]
[Black "Greenbecker"]
[Result "0-1"]
[WhiteElo "1080"]
[BlackElo "1631"]
[TimeControl "300"]
[EndTime "13:32:38 PDT"]
[Termination "Greenbecker won on time"]

1. e4 e6 2. d4 d5 3. Nc3 dxe4 4. Nxe4 Bd7 5. Nf3 Bc6 6. Qd3 Nd7 7. Be2 Ngf6 8.
Nxf6+ Nxf6 9. c3 Be7 10. O-O O-O 11. Bg5 Nd5 12. Bxe7 Qxe7 13. Qd2 Rad8 14. Rad1 Nf6 15. Ne5 Be8 16. Bd3 Nd7 17. f4 c5 18. Bb1 cxd4 19.
Qxd4 f6 20. Nc4 Bh5 21. Rd3 Nb6 22. Qe3 Nxc4 23. Qh3 Bg6 24. Rxd8 Rxd8 25. f5 exf5 26. Bxf5 Qe3+ 27. Kh1 Qxh3 28. gxh3 Bxf5 29. Rxf5 Rd1+ 30.
Kg2 Rd2+ 31. Kg3 Rxb2 0-1